 Dungeon Sprint DCSS version 0.30.1-6-gbe392663c4 (webtiles) character file.

Game seed: 5955536519229420342

43227 Heoruswealwe the Minotaur Porcupine (level 13, -14/151 HPs)
             Began as a Minotaur Fighter on Sept 20, 2023.
             Was the Champion of the Shining One.
             Killed from afar by a fire giant (41 damage)
             ... with a bolt of fire
             ... in the Dungeon (Sprint IX: "|||||||||||||||||||||||||||||").
             The game lasted 00:34:33 (2580 turns).

Heoruswealwe the Minotaur Porcupine (MiFi)          Turns: 2580, Time: 00:34:33

Health: -14/151    AC: 29    Str: 32    XL:     13   Next: 89%
Magic:  12/12      EV:  9    Int:  5    God:    the Shining One [******]
Gold:   217        SH:  0    Dex: 10    Spells: 12/12 levels left

rFire   . . .        b - +5 scythe "Finisher" {speed, execute}
rCold   . . .        (shield currently unavailable)
rNeg    + + +        c - +2 plate armour
rPois   +            (helmet restricted)
rElec   .            h - +0 cloak
rCorr   .            f - +0 pair of gloves
SInv    .            e - +0 pair of boots
Will    .....        i - amulet of regeneration Stlth
                     k - ring of poison resistance
HPRegen 1.25/turn    j - +6 ring of strength
MPRegen 0.13/turn

%: no teleportation
@: glowing
A: horns 2, retaliatory headbutt
a: Renounce Religion, Divine Shield, Cleansing Flame, Summon Divine Warrior,
Brand Weapon With Holy Wrath


You were in the Dungeon.
You worshipped the Shining One.
The Shining One was exalted by your worship.
You visited 1 branch You collected 1919 gold pieces.
You spent 1702 gold pieces at shops.

Inventory:

Hand Weapons
 a - a +0 trident
 b - the +5 scythe "Finisher" (weapon) {speed, execute}
   (You found it in the Dungeon)
 t - a +2 glaive of pain
Armour
 c - a +2 plate armour (worn)
 d - a +1 tower shield
 e - a +0 pair of boots (worn)
 f - a +0 pair of gloves (worn)
 h - a +0 cloak (worn)
Jewellery
 i - an amulet of regeneration (around neck)
 j - a +6 ring of strength (right hand)
 k - a ring of poison resistance (left hand)
 v - a ring of protection from fire
 x - a ring of protection from fire
 y - a ring of protection from cold
Wands
 r - a wand of quicksilver (10)
 z - a wand of polymorph (12)
Scrolls
 n - 4 scrolls of enchant weapon
 o - 4 scrolls of enchant armour
 s - a scroll of identify
 u - a scroll of blinking
Potions
 g - 4 potions of haste
 l - 6 potions of curing
 m - 3 potions of might
 p - 3 potions of flight
 w - a potion of berserk rage


   Skills:
 * Level 24.4 Fighting
 O Level 27 Polearms
 * Level 24.3 Armour
 + Level 11.4 Shields


You had 12 spell levels left.
You didn't know any spells.
Your spell library was empty.

Dungeon Overview and Level Annotations

Branches:
Dungeon (1/1)

Altars:
Cheibriados
Dithmenos
Elyvilon
Fedhas
Gozag
Hepliaklqana
Kikubaaqudgha
Makhleb
Nemelex Xobeh
Okawaru
Qazlal
Ru
Sif Muna
Trog
Uskayaw
Vehumet
Wu Jian
Xom
Yredelemnul
Zin
The Shining One
Jiyva
Lugonu

Shops:
D =(*!


Innate Abilities, Weirdness & Mutations

You have a pair of horns on your head.
You reflexively headbutt those who attack you in melee.


Message History

You hit the ettin but do no damage.
The ettin is heavily wounded.
You hit the ettin. You headbutt the ettin.
The ettin is heavily wounded.
The rakshasa weaves an illusion.
The ettin hits you with a +1 great mace of protection.
The ettin hits you with a +0 dire flail!
You impale the ettin!!
You kill the ettin!
Reach: b) +5 scythe "Finisher" {speed, execute}
Press: ? - help, Dir - move target, f - ice dragon
Aim: an ice dragon (haloed, about 9% to evade the +5 scythe "Finisher")
You reach to attack!
You impale the ice dragon!!
The ice dragon is moderately wounded.
You barely miss the ice dragon.
You headbutt the ice dragon, but do no damage.
The ice dragon is moderately wounded.
You hit the ice dragon but do no damage.
You headbutt the ice dragon.
The ice dragon is moderately wounded.
The ice dragon breathes frost at you. The blast of cold hits you!!!
You barely miss the ice dragon.
The ice dragon is moderately wounded.
You perforate the ice dragon like a sieve!!!
You blow up the ice dragon!
The fire giant points at you and mumbles some strange words.
The fireball explodes!
The fireball engulfs you!!!
* * * LOW HITPOINT WARNING * * *
The fire dragon breathes flames at you.
The blast of flame hits the fire giant!
The fire giant resists.
The blast of flame hits you!!!
* * * LOW HITPOINT WARNING * * *
You hear a shout!
You feel much better.
The rakshasa weaves an illusion.
The frost giant shimmers and seems to become two!
The fire giant points at you and mumbles some strange words.
The bolt of fire hits you!!!
You die...

.[[[[[[[[.))))))))...=.'.........
▓▓▓▓▓▓▓▓▓▓▓▓▓▓▓▓▓▓▓▓▓▓▓▓▓▓▓▓▓▓▓▓▓
.................................
▓▓▓▓▓▓▓▓▓▓▓▓▓▓▓▓▓▓▓▓▓▓▓▓▓▓▓▓▓▓▓▓.
.†...))').......)'...............
▓▓▓▓▓▓▓▓▓▓▓▓▓▓▓▓▓▓▓▓▓▓▓▓▓▓▓▓▓▓▓▓▓
..................)..............
▓▓▓▓▓▓▓▓▓▓▓▓▓▓▓▓▓▓▓▓▓▓▓▓▓▓▓▓▓▓▓▓.
.CCRDC)@................
▓▓▓▓▓▓▓▓▓▓▓▓▓▓▓▓▓▓▓▓▓▓▓▓


You could see 2 frost giants, a fire giant, a fire dragon (catching breath) and
a rakshasa.

Vanquished Creatures
  A fire giant (D)
  An emperor scorpion (D)
  3 stone giants (D)
  An eleionoma (D)
  A spark wasp (D)
  2 bunyips (D)
  An ettin (D)
  2 entropy weavers (D)
  Josephine (D)
  2 fire dragons (D)
  An ice dragon (D)
  Erolcha (D)
  2 hydras (D)
  A catoblepas (D)
  A merfolk avatar (D)
  2 naga warriors (D)
  A ghost crab (D)
  5 centaur warriors (D)
  2 alligators (D)
  A boulder beetle (D)
  3 death yaks (D)
  3 orc high priests (D)
  A hell knight (D)
  2 naga sharpshooters (D)
  Nergalle (D)
  A spriggan druid (D)
  A sea snake (D)
  5 orc knights (D)
  A harpy (D)
  3 orc sorcerers (D)
  2 deep elf pyromancers (D)
  2 ugly things (D)
  2 manticores (D)
  6 black mambas (D)
  A demonic crawler (D)
  2 guardian serpents (D)
  Joseph (D)
  A gargoyle (D)
  A water nymph (D)
  2 torpor snails (D)
  3 cane toads (D)
  A yaktaur (D)
  A komodo dragon (D)
  A freezing wraith (D)
  A polar bear (shapeshifter) (D)
  2 merfolk (D)
  A meliai (D)
  A bloated husk (D)
  2 blink frogs (D)
  4 wraiths (D)
  A culicivora (D)
  A water elemental (D)
  8 yaks (D)
  2 wyverns (D)
  A redback (D)
  A naga (D)
  3 water moccasins (D)
  3 orc warriors (D)
  An ice beast (D)
  An ogre (D)
  A centaur (D)
  2 howler monkeys (D)
  A gnoll bouda (D)
  6 orc priests (D)
  5 orc wizards (D)
  15 orcs (D)
  3 endoplasms (D)
  A hobgoblin (D)
  A frilled lizard (D)
147 creatures vanquished.

Vanquished Creatures (others)
  A spriggan druid (D)
1 creature vanquished.

Grand Total: 148 creatures vanquished

Notes
Turn   | Place    | Note
-------+----------+-------------------------------------------
     0 | D        | Heoruswealwe the Minotaur Fighter began the quest for the
                  | Orb.
     0 | D        | Reached XP level 1. HP: 19/19 MP: 0/0
     8 | D        | Reached skill level 3 in Polearms
    21 | D        | Noticed a gnoll bouda
    21 | D        | Noticed an ice beast
    21 | D        | Noticed an ogre
    25 | D        | Killed an ogre
    26 | D        | Reached skill level 7 in Polearms
    26 | D        | Reached XP level 2. HP: 8/30 MP: 1/1
    26 | D        | Reached XP level 3. HP: 9/37 MP: 2/2
    26 | D        | Reached XP level 4. HP: 11/44 MP: 3/3
    31 | D        | Killed an ice beast
    32 | D        | Reached skill level 9 in Polearms
    32 | D        | Reached XP level 5. HP: 15/52 MP: 4/4
    38 | D        | Reached skill level 10 in Polearms
   190 | D        | Found a snail-covered altar of Cheibriados.
   190 | D        | Found a shadowy altar of Dithmenos.
   190 | D        | Found a white marble altar of Elyvilon.
   190 | D        | Found a blossoming altar of Fedhas.
   190 | D        | Found an opulent altar of Gozag.
   191 | D        | Found a hazy altar of Hepliaklqana.
   192 | D        | Found a viscous altar of Jiyva.
   193 | D        | Found an ancient bone altar of Kikubaaqudgha.
   194 | D        | Found a corrupted altar of Lugonu.
   195 | D        | Found a burning altar of Makhleb.
   196 | D        | Found a sparkling altar of Nemelex Xobeh.
   197 | D        | Found an iron altar of Okawaru.
   198 | D        | Found a stormy altar of Qazlal.
   199 | D        | Found a sacrificial altar of Ru.
   200 | D        | Found a shimmering blue altar of Sif Muna.
   201 | D        | Found a bloodstained altar of Trog.
   202 | D        | Found a hide-covered altar of Uskayaw.
   203 | D        | Found a radiant altar of Vehumet.
   204 | D        | Found an ornate altar of the Wu Jian Council.
   205 | D        | Found a shimmering altar of Xom.
   206 | D        | Found a basalt altar of Yredelemnul.
   207 | D        | Found a glowing silver altar of Zin.
   208 | D        | Found a glowing golden altar of the Shining One.
   216 | D        | Became a worshipper of the Shining One
   217 | D        | Found the +5 scythe "Finisher" {speed, execute}
   261 | D        | Noticed a wyvern
   261 | D        | Noticed a yak
   261 | D        | Noticed a gargoyle
   261 | D        | Reached * piety under the Shining One
   261 | D        | Noticed a centaur
   264 | D        | Killed a centaur
   265 | D        | Reached skill level 11 in Polearms
   265 | D        | Reached XP level 6. HP: 58/62 MP: 5/5
   269 | D        | Killed a gargoyle
   270 | D        | Reached skill level 10 in Fighting
   270 | D        | Reached skill level 13 in Polearms
   270 | D        | Reached skill level 10 in Armour
   270 | D        | Reached XP level 7. HP: 55/72 MP: 6/6
   274 | D        | Killed a yak
   275 | D        | Reached skill level 14 in Polearms
   278 | D        | Killed a wyvern
   454 | D        | Noticed a centaur warrior
   454 | D        | Noticed a boulder beetle
   454 | D        | Noticed a centaur warrior
   454 | D        | Reached ** piety under the Shining One
   454 | D        | Noticed a wraith
   454 | D        | Noticed a six-headed hydra
   454 | D        | Noticed a centaur warrior
   454 | D        | Reached *** piety under the Shining One
   458 | D        | Killed a centaur warrior
   459 | D        | Reached skill level 16 in Polearms
   459 | D        | Reached XP level 8. HP: 79/83 MP: 7/7
   461 | D        | Killed a nine-headed hydra
   462 | D        | Reached skill level 17 in Polearms
   462 | D        | Reached XP level 9. HP: 56/92 MP: 8/8
   466 | D        | Killed a centaur warrior
   467 | D        | Reached skill level 18 in Polearms
   470 | D        | Killed a boulder beetle
   471 | D        | Killed a centaur warrior
   472 | D        | Reached skill level 19 in Polearms
   472 | D        | Reached XP level 10. HP: 47/104 MP: 9/9
   727 | D        | Noticed a cane toad
   727 | D        | Reached **** piety under the Shining One
   731 | D        | Noticed a black mamba
   732 | D        | Noticed a cane toad
   737 | D        | Killed a cane toad
   739 | D        | Reached skill level 20 in Polearms
   742 | D        | Reached skill level 15 in Fighting
   742 | D        | Reached skill level 15 in Armour
   745 | D        | Killed a black mamba
   747 | D        | Killed a cane toad
   765 | D        | Noticed a black mamba
   765 | D        | Noticed a black mamba
   765 | D        | Reached ***** piety under the Shining One
   765 | D        | Noticed a seven-headed hydra
   765 | D        | Noticed a cane toad
   770 | D        | Noticed a black mamba
   771 | D        | Killed an eight-headed hydra
   772 | D        | Reached skill level 21 in Polearms
   772 | D        | Killed a cane toad
   773 | D        | Killed a black mamba
   776 | D        | Killed a black mamba
   784 | D        | Reached XP level 11. HP: 64/115 MP: 10/10
   786 | D        | Reached skill level 22 in Polearms
   978 | D        | Noticed a death yak
   978 | D        | Noticed a death yak
   978 | D        | Noticed a catoblepas
   978 | D        | Noticed a death yak
   982 | D        | Killed a death yak
   989 | D        | Reached ****** piety under the Shining One
   999 | D        | Killed a catoblepas
  1000 | D        | Killed a death yak
  1001 | D        | Reached skill level 23 in Polearms
  1017 | D        | Killed a death yak
  1234 | D        | Noticed Josephine
  1245 | D        | Killed Josephine
  1390 | D        | Noticed an orc sorcerer
  1390 | D        | Noticed an orc knight
  1396 | D        | Killed an orc knight
  1400 | D        | Reached skill level 24 in Polearms
  1406 | D        | Killed an orc sorcerer
  1408 | D        | Noticed an orc knight
  1420 | D        | Killed an orc knight
  1494 | D        | Found Eka Anac's Distillery.
  1494 | D        | Noticed an orc knight
  1494 | D        | Noticed an orc knight
  1494 | D        | Noticed an orc high priest
  1495 | D        | Noticed an orc high priest
  1498 | D        | Killed an orc high priest
  1499 | D        | Noticed an orc high priest
  1504 | D        | Killed an orc knight
  1505 | D        | Found Vumnunan's Assorted Antiques.
  1507 | D        | Killed an orc knight
  1508 | D        | Reached XP level 12. HP: 67/128 MP: 11/11
  1517 | D        | Killed an orc high priest
  1518 | D        | Reached skill level 25 in Polearms
  1518 | D        | Found Atilee's Weapon Boutique.
  1522 | D        | Killed an orc high priest
  1541 | D        | Found Vefaczar's Jewellery Shop.
  1589 | D        | Bought a scroll labelled ACECEENAPH for 31 gold pieces
  1589 | D        | Bought a scroll labelled QESEILL NAFRICH for 31 gold pieces
  1593 | D        | Bought a +6 ring of strength for 360 gold pieces
  1593 | D        | Bought a ring of poison resistance for 200 gold pieces
  1593 | D        | Bought an amulet of regeneration for 300 gold pieces
  1685 | D        | Bought a potion of flight for 33 gold pieces
  1685 | D        | Bought a potion of haste for 110 gold pieces
  1685 | D        | Bought a potion of haste for 110 gold pieces
  1687 | D        | Bought a potion of haste for 310 gold pieces
  1687 | D        | Bought a potion of flight for 93 gold pieces
  1687 | D        | Bought a potion of might for 124 gold pieces
  1723 | D        | Noticed Joseph
  1732 | D        | Killed Joseph
  1786 | D        | Found the +9 sword of Zonguldrok {reap}
  1867 | D        | Noticed a centaur warrior
  1873 | D        | Noticed a stone giant
  1878 | D        | Noticed a centaur warrior
  1879 | D        | Killed a centaur warrior
  1880 | D        | Reached skill level 26 in Polearms
  1883 | D        | Noticed a fire dragon
  1884 | D        | Killed a stone giant
  1884 | D        | Noticed a stone giant
  1885 | D        | Noticed a stone giant
  1891 | D        | Killed a centaur warrior
  1892 | D        | Noticed a fire giant
  1897 | D        | Killed a fire dragon
  1900 | D        | Killed a stone giant
  1906 | D        | Killed a stone giant
  1907 | D        | Reached skill level 27 in Polearms
  1911 | D        | Killed a fire giant
  1922 | D        | Reached skill level 5 in Shields
  1989 | D        | Noticed Erolcha
  1995 | D        | Killed Erolcha
  2068 | D        | Noticed an entropy weaver
  2068 | D        | Noticed an entropy weaver
  2073 | D        | Killed an entropy weaver
  2074 | D        | Reached XP level 13. HP: 125/143 MP: 12/12
  2074 | D        | Noticed an emperor scorpion
  2086 | D        | Killed an emperor scorpion
  2286 | D        | Noticed an eleionoma
  2286 | D        | Noticed a bunyip
  2292 | D        | Killed an eleionoma
  2300 | D        | Noticed a bunyip
  2311 | D        | Killed a bunyip
  2327 | D        | Killed a bunyip
  2420 | D        | Reached skill level 10 in Shields
  2517 | D        | Noticed Nergalle
  2526 | D        | Killed Nergalle
  2558 | D        | Noticed a fire dragon
  2558 | D        | Noticed a fire giant
  2558 | D        | Noticed an ettin
  2558 | D        | Noticed a spark wasp
  2558 | D        | Noticed a fire dragon
  2562 | D        | Killed a fire dragon
  2567 | D        | Killed a spark wasp
  2568 | D        | Noticed a frost giant
  2574 | D        | Killed an ettin
  2579 | D        | HP: 1/151 [fire dragon/blast of flame (40)]
  2580 | D        | Killed from afar by a fire giant

Illustrated notes

Levels and vault maps discovered:
D:        linesprint [early_d, line_temple, items_1, d_10, items_2, lair_1,
          lair_end, items_3, orc_1, orc_end, items_4, d_15, swamp_1, shoals_1,
          snake_1, spider_1, d_20, vaults_1, items_5, swamp_end, shoals_end,
          snake_end, spider_end, vaults_end, d_27, items_6, zot_1, zot_end,
          crypt_end, forest_end, elf_end, slime_end, tomb_end, abyss_end,
          pan_hell_end]

Skill      XL: |  1  2  3  4  5  6  7  8  9 10 11 12 13 |
---------------+----------------------------------------+-----
Polearms       | 7 9 11 13 16 17 19 21 24 27 | 27.0
Fighting       | 6 7 8 10 12 14 16 18 21 24 | 24.4
Armour         | 6 7 8 10 12 14 16 18 21 24 | 24.3
Shields        | 5 11 | 11.4

Action                     |  1- 3 |  4- 6 |  7- 9 | 10-12 | 13-15 || total
---------------------------+-------+-------+-------+-------+-------++-------
  Melee: Trident           |    11 |    15 |       |       |       ||    26
         Headbutt          |     4 |     5 |     5 |    48 |    28 ||    90
         Scythe            |       |     7 |    24 |   215 |   124 ||   370
    Use: Potion            |       |       |       |    11 |     1 ||    12
         Scroll            |       |       |       |     1 |     2 ||     3
 Armour: Scale mail        |     2 |     3 |       |       |       ||     5
         Chain mail        |       |     5 |     8 |    18 |       ||    31
         Plate armour      |       |       |       |    26 |    50 ||    76
  Dodge: Dodged            |     1 |     7 |     8 |    20 |    38 ||    74
  Block: Buckler           |     1 |     1 |       |       |       ||     2
